 Dungeon Crawl Stone Soup version 0.29.1-2-gbd0b4ee654 (webtiles) character file.

Game seed: 4510856342490453557

9 cdecastro the Stinger (level 2, 0/17 HPs)
             Began as an Octopode Venom Mage on Nov 13, 2022.
             Slain by a bat (1 damage)
             ... on level 1 of the Dungeon.
             The game lasted 00:01:00 (240 turns).

cdecastro the Stinger (Octopode Venom Mage)          Turns: 240, Time: 00:01:00

Health: 0/17       AC:  1    Str:  7    XL:     2   Next: 12%
Magic:  0/5        EV: 13    Int: 17    God:
Gold:   0          SH:  0    Dex: 12    Spells: 4/5 levels left

rFire   . . .      SeeInvis .   (no weapon)
rCold   . . .      Faith    .   (no shield)
rNeg    . . .      Spirit   .   (helmet restricted)
rPois   .          Reflect  .   (no amulet)
rElec   .          Harm     .   (no ring)
rCorr   .          Rampage  .   (no ring)
Will    .....                   (no ring)
Stlth   +++.......              (no ring)
HPRegen 0.05/turn               (no ring)
MPRegen 0.09/turn               (no ring)
                                (no ring)
                                (no ring)

@: no status effects
A: almost no armour, amphibious, 8 rings, camouflage 1, gelatinous body 1,
(nimble swimmer 1), tentacles
a: no special abilities


You were on level 1 of the Dungeon.
You visited 1 branch of the dungeon, and saw 1 of its levels.

Inventory:

Potions
 a - a potion of magic
 b - 2 potions of resistance {unknown}


   Skills:
 - Level 2.0 Dodging
 - Level 2.6 Stealth
 - Level 2.0 Spellcasting
 - Level 1.0 Transmutations
 + Level 4.4 Poison Magic


You had 4 spell levels left.
You knew the following spells:

 Your Spells              Type           Power      Damage    Failure   Level
a - Sting                 Tmut/Pois      40%        1d5       6%          1

Your spell library contained the following spells:

 Spells                   Type           Power      Damage    Failure   Level
 Poisonous Vapours        Pois/Air       18%        N/A       12%         2
 Mephitic Cloud           Conj/Pois/Air  6%         N/A       32%         3
 Olgreb's Toxic Radiance  Pois           16%        N/A       32%         4


Dungeon Overview and Level Annotations

Branches:
Dungeon (1/15)

Altars:


Innate Abilities, Weirdness & Mutations

You cannot wear most types of armour.
You are amphibious.
You can wear up to eight rings at the same time.
Your skin changes colour to match your surroundings (Stealth+).
Your rubbery body absorbs attacks. (AC +1, EV +1)
((You are camouflaged when in or above water. (Stealth+)))
You have tentacles for arms and can constrict up to eight enemies at once.


Message History

The hobgoblin shoots a sling bullet.
The sling bullet hits you.
* * * LOW HITPOINT WARNING * * *
A bat comes into view.
Aiming: Sting (safe; 7% risk of failure)
Press: ? - help, Q - select action Shift-Dir - straight line, f/p - hobgoblin
Aim: a hobgoblin, wielding a +0 sling (heavily wounded, poisoned, 71% to hit)
The sting hits the hobgoblin but does no damage.
The hobgoblin looks even sicker.
The hobgoblin is heavily wounded.
An endoplasm comes into view.
The hobgoblin shoots a sling bullet.
The sling bullet misses you.
Aiming: Sting (safe; 7% risk of failure)
Press: ? - help, Q - select action Shift-Dir - straight line, f/p - hobgoblin
Aim: a hobgoblin, wielding a +0 sling (heavily wounded, very poisoned, 71% to hit)
The sting hits the hobgoblin.
The hobgoblin looks even sicker.
You kill the hobgoblin!
The bat barely misses you.
Aiming: Sting (safe; 6% risk of failure)
Press: ? - help, Q - select action Shift-Dir - straight line, f - bat
Aim: a bat (57% to hit)
The sting misses the bat.
The bat closely misses you.
Unknown command.
Aiming: Sting (safe; 6% risk of failure)
Press: ? - help, Q - select action Shift-Dir - straight line, f/p - bat
Aim: a bat (57% to hit)
The sting misses the bat.
The bat hits you.
* * * LOW HITPOINT WARNING * * *
The bat barely misses you.
You barely miss the bat. You grab the bat. You constrict the bat.
The bat hits you but does no damage.
The bat struggles to escape constriction.
The bat escapes!
Unknown command.
You barely miss the bat. You grab the bat.
The bat is moderately wounded.
You constrict the bat, but do no damage.
The bat hits you.
You die...

###......###### ####
##.............####...
................##....
#..........##..##..##
###........####..##..#.
............##..##..#.
.#####.......##.##..##..##
................##......##
.........@#.###.###....###
.#######..bJ.).## ######
...##....#..#..#..#### ####
............##)##.#..##.....
...#.......###..#.......#
.........#.#....#..#.####
...................#.#
................##.#.#
...................#..


You could see an endoplasm and a bat.

Vanquished Creatures
  A ball python (D:1)
  2 endoplasms (D:1)
  A goblin (D:1)
  2 hobgoblins (D:1)
  A rat (D:1)
7 creatures vanquished.

Notes
Turn   | Place    | Note
-------+----------+-------------------------------------------
     0 | D:1      | cdecastro the Octopode Venom Mage began the quest for the
                  | Orb.
     0 | D:1      | Reached XP level 1. HP: 11/11 MP: 3/3
    79 | D:1      | Reached skill level 4 in Poison Magic
   142 | D:1      | Reached XP level 2. HP: 12/17 MP: 0/5
   240 | D:1      | Slain by a bat

Illustrated notes

Levels and vault maps discovered:
D:1:      minmay_arrival_wavy_path, layout_rooms,
          hellmonk_ecumenical_altar_zigzags, roderic_lattice_a,
          minmay_three_crescents

Skill      XL: |  1 |
---------------+----+-----
Poison Magic   | 4 |  4.4
Dodging        | |  2.0
Stealth        | |  2.6
Spellcasting   | |  2.0
Transmutations | |  1.0

Action                   || total
-------------------------++-------
Melee: Unarmed           ||     5
       Constrict         ||     3
 Cast: Sting             ||    15
Armor: Skin              ||     2
Dodge: Dodged            ||     8
